 Dungeon Crawl Stone Soup version 0.31.0-12-g77e489cdc1 (webtiles) character file.

Game seed: 7381583300193393122

96 RancidPinata the Sneak (level 4, 33/33 HPs)
             Began as an Octopode Delver on Feb 29, 2024.
             Quit the game on level 6 of the Dungeon.
             The game lasted 00:04:03 (1083 turns).

RancidPinata the Sneak (Octopode Delver)            Turns: 1083, Time: 00:04:04

Health: 33/33      AC:  1    Str: 11    XL:     4   Next: 67%
Magic:  4/4        EV: 14    Int: 12    God:
Gold:   13         SH:  0    Dex: 15    Spells: 3/3 levels left

rFire   . . .        a - +0 short sword
rCold   . . .        (no shield)
rNeg    . . .        (helmet restricted)
rPois   .            (no amulet)
rElec   .            (no ring)
rCorr   .            (no ring)
SInv    .            (no ring)
Will    .....        (no ring)
Stlth   +++++        (no ring)
HPRegen 0.25/turn    (no ring)
MPRegen 0.09/turn    (no ring)
                     (no ring)

%: no passive effects
@: no status effects
A: almost no armour, amphibious, 8 rings, camouflage 1, gelatinous body 1,
(nimble swimmer 1), tentacles
a: no special abilities


You were on level 6 of the Dungeon.
You visited 1 branch of the dungeon, and saw 2 of its levels.

You collected 13 gold pieces.

Inventory:

Hand Weapons
 a - a +0 short sword (weapon)
Wands
 f - a wand of digging (3)
 h - a wand of acid (7)
Scrolls
 b - 2 scrolls of fog
 c - a scroll of identify {unknown}
 d - a scroll of fear
 j - a scroll of amnesia {unknown}
 k - a scroll of silence {unknown}
Potions
 e - a potion of haste
 g - a potion of resistance {unknown}
 i - 2 potions of curing {unknown}
 l - a potion of enlightenment {unknown}


   Skills:
 + Level 3.6 Fighting
 + Level 2.9 Short Blades
 + Level 2.9 Dodging
 + Level 7.3 Stealth


You had 3 spell levels left.
You didn't know any spells.
Your spell library was empty.

Dungeon Overview and Level Annotations

Branches:
Dungeon (6/15)
 Temple: D:4-7

Altars:
Yredelemnul


Innate Abilities, Weirdness & Mutations

You cannot wear most types of armour.
You are amphibious.
You can wear up to eight rings at the same time.
Your skin changes colour to match your surroundings (Stealth+).
Your rubbery body absorbs attacks. (AC +1, EV +1)
((You are camouflaged when in or above water. (Stealth+)))
You have tentacles for arms and can constrict up to eight enemies at once.


Message History

You constrict the sleepcap, but do no damage.
The sleepcap closely misses you.
Unknown command.
The hound barks!
You hit the sleepcap. You squeeze the sleepcap.
The sleepcap is almost destroyed.
You constrict the sleepcap, but do no damage.
The sleepcap closely misses you.
You hit the sleepcap but do no damage. You squeeze the sleepcap.
You destroy the sleepcap!
You have reached level 4!
You hit the hound. You grab the hound. You squeeze the hound.
The hound is moderately wounded.
You constrict the hound. The hound bites you.
You completely miss the hound.
The hound is heavily wounded.
You constrict the hound. The hound bites you.
You hit the hound.
The hound is severely wounded.
You constrict the hound. The hound bites you.
You barely miss the hound.
The hound is almost dead.
You constrict the hound, but do no damage.
The hound bites you.
* * * LOW HITPOINT WARNING * * *
You barely miss the hound.
The hound is almost dead.
You constrict the hound.
You kill the hound!
c - a scroll labelled XILEET BAHASU
l - a silvery potion You start resting.
HP restored.
A hound comes into view.
You enter the shallow water.
You open the door.
There is an open door here.
You enter the shallow water.
There is a collapsed entrance here.
Are you sure you want to abandon this character and quit the game? (Confirm with "yes".)

##########
#.~~~+~~~#
#...~#~@~#
##.~.~#~~~#
#h..~~##'##
#....~~~~~#
#....~~..~#
#......~~~#
#.........#
***
#.#..######
*,* #...##


There were no monsters in sight!

Vanquished Creatures
  2 hounds
  A sleepcap (D:6)
  An adder (D:5)
  A quokka (D:5)
5 creatures vanquished.

Notes
Turn   | Place    | Note
-------+----------+-------------------------------------------
     0 | D:5      | RancidPinata the Octopode Delver began the quest for the
                  | Orb.
     0 | D:5      | Reached XP level 1. HP: 16/16 MP: 1/1
     1 | D:6      | Found a basalt altar of Yredelemnul.
     2 | D:6      | Noticed a hound
    18 | D:6      | Noticed a sleepcap
   204 | D:5      | Noticed a howler monkey
   274 | D:6      | Noticed an ogre
   305 | D:5      | Noticed a hound
   318 | D:5      | Killed a hound
   319 | D:5      | Reached skill level 7 in Stealth
   319 | D:5      | Reached XP level 2. HP: 5/21 MP: 2/2
   319 | D:5      | Reached XP level 3. HP: 6/26 MP: 3/3
   959 | D:6      | Reached XP level 4. HP: 16/31 MP: 4/4
  1083 | D:6      | Quit the game

Illustrated notes

Levels and vault maps discovered:
D:5:      layout_layer_cave
D:6:      layout_basic, yredelemnul_altar_generic, serial_curves,
          eino_curves_02, eino_curves_04, eino_curves_04, portal_sewer_entry_e,
          hex_tiny, kennysheep_cross_bottleneck

Skill      XL: |  1 |
---------------+----+-----
Stealth        | 7 |  7.3
Fighting       | |  3.6
Short Blades   | |  2.9
Dodging        | |  2.9

Action                     |  1- 3 |  4- 6 || total
---------------------------+-------+-------++-------
  Melee: Short sword       |    23 |     5 ||    28
         Constrict         |     5 |     1 ||     6
         Tentacles         |     6 |     1 ||     7
    Use: Scroll            |     1 |       ||     1
 Armour: Skin              |    10 |     4 ||    14
  Dodge: Dodged            |    15 |       ||    15
